 Dungeon Crawl Stone Soup version 0.20.1-1-g8b1a95d (webtiles) character file.

58 Linguinho the Skirmisher (level 3, -4/29 HPs)
             Began as a Demonspawn Fighter on Nov 12, 2017.
             Was a Follower of Trog.
             Slain by Grinder (5 damage)
             ... on level 3 of the Dungeon.
             The game lasted 00:02:15 (1155 turns).

Linguinho the Skirmisher (Demonspawn Fighter)       Turns: 1155, Time: 00:02:16

Health: -4/29      AC:  9    Str: 22    XL:     3   Next: 75%
Magic:  3/3        EV:  7    Int:  9    God:    Trog [*.....]
Gold:   120        SH:  9    Dex: 12    Spells: 2/2 levels left

rFire    . . .     SeeInvis .   a - +0 war axe
rCold    . . .     Gourm    .   c - +0 shield
rNeg     . . .     Faith    .   b - +0 scale mail
rPois    .         Spirit   .   (helmet restricted)
rElec    .         Reflect  .   o - +0 cloak
rCorr    .         Harm     .   (no gloves)
MR       .....                  (no boots)
Stlth    ..........             (no amulet)
Regen    0.1/turn               (no ring)
MPRegen  0.1/turn               (no ring)

@: mighty, berserk cooldown, slowed, very slow
A: horns 1, molten scales 1
a: Berserk, Burn Spellbooks, Renounce Religion


You were on level 3 of the Dungeon.
You worshipped Trog.
Trog was aware of your devotion.
You were near starving.

You visited 1 branch of the dungeon, and saw 3 of its levels.

You collected 120 gold pieces.

Inventory:

Hand Weapons
 a - a +0 war axe (weapon)
Armour
 b - a +0 scale mail (worn)
 c - a +0 shield (worn)
 o - a +0 cloak (worn)
Scrolls
 j - 2 scrolls of identify {unknown}
 m - a scroll of fear {unknown}
 p - a scroll of noise {unknown}
 r - a scroll of remove curse {unknown}
Potions
 e - a potion of resistance {unknown}
 g - 2 potions of mutation {unknown}
 i - a potion of brilliance {unknown}
 k - a potion of agility {unknown}
 l - a potion of haste {unknown}
 n - a potion of flight {unknown}
Comestibles
 f - 3 bread rations
 h - 3 fruits
 q - a meat ration


   Skills:
 + Level 3.2 Fighting
 + Level 2.7 Axes
 + Level 3.1 Armour
 + Level 0.3 Dodging
 + Level 0.2 Stealth
 + Level 2.9 Shields


You had 2 spell levels left.
You didn't know any spells.

Dungeon Overview and Level Annotations

Branches:
Dungeon (3/15)

Altars:
Gozag
Okawaru
Trog
Vehumet
Yredelemnul
Zin

Annotations:
D:3 Grinder


Innate Abilities, Weirdness & Mutations

You have a pair of small horns on your head.
You are partially covered in molten scales. (AC +2)


Message History

You can move again.
You barely miss Grinder.
Grinder is moderately wounded.
Grinder hits you!
You writhe in agony.
* * * LOW HITPOINT WARNING * * *
Grinder gestures at you. You resist with significant effort. Grinder hits you.
* * * LOW HITPOINT WARNING * * *
You writhe in agony.
* * * LOW HITPOINT WARNING * * *
There is a stone staircase leading down here.
You feel very mighty all of a sudden. You block Grinder's attack.
You hit Grinder. Your headbutt misses Grinder.
Grinder is heavily wounded.
Grinder hits you.
* * * LOW HITPOINT WARNING * * *
You writhe in agony.
You die...

#.........##
#..........######
#...[...........#
#..........>....#
#...............#
#...............#
.......#.#.#######
<#######.#.......#
.#######.#######@#
.......#.# #>.5#
######.#.###
#..........
#.#...###..........
##.###..............
#................../
#.......#..###.......(.
#..........# #.........
#.......##.# #.......##


You could see Grinder.

Vanquished Creatures
  Terence (D:2)
  An adder (D:2)
  A worm (D:2)
  A dart slug (D:2)
  2 giant cockroaches
  4 goblins
  A hobgoblin (D:1)
  3 kobolds
  6 bats
  5 rats
25 creatures vanquished.

Vanquished Creatures (others)
  A rat (D:2)
1 creature vanquished.

Grand Total: 26 creatures vanquished

Notes
Turn   | Place    | Note
-------+----------+-------------------------------------------
     0 | D:1      | Linguinho the Demonspawn Fighter began the quest for the Orb.
     0 | D:1      | Reached XP level 1. HP: 18/18 MP: 1/1
   309 | D:1      | Gained mutation: You are partially covered in molten scales. (AC +2) [demonic ancestry]
   309 | D:1      | Reached XP level 2. HP: 21/24 MP: 2/2
   778 | D:2      | Gained mutation: You have a pair of small horns on your head. [demonic ancestry]
   778 | D:2      | Reached XP level 3. HP: 17/29 MP: 3/3
   906 | D:2      | Found a radiant altar of Vehumet.
   922 | D:2      | Noticed Terence
   935 | D:2      | Killed Terence
  1058 | D:2      | Found a glowing silver altar of Zin.
  1058 | D:2      | Found an iron altar of Okawaru.
  1063 | D:2      | Found a faded altar of an unknown god.
  1065 | D:2      | Found a faded altar of an unknown god.
  1067 | D:2      | Found an opulent altar of Gozag.
  1082 | D:2      | Became a worshipper of Yredelemnul the Dark
  1082 | D:2      | Reached * piety under Yredelemnul
  1088 | D:2      | Fell from the grace of Yredelemnul
  1088 | D:2      | Became a worshipper of Trog the Wrathful
  1088 | D:2      | Reached * piety under Trog
  1140 | D:3      | Noticed Grinder
  1146 | D:3      | Paralysed by Grinder for 6 turns
  1155 | D:3      | HP: 1/29 [Grinder (1)]
  1155 | D:3      | Slain by Grinder

Skill      XL: |  1  2 |
---------------+-------+-----
Axes           | 2 |  2.7
Armour         | 3 |  3.1
Fighting       | |  3.2
Dodging        | |  0.3
Stealth        | |  0.2
Shields        | |  2.9

Action                   || total
-------------------------++-------
Melee: War axe           ||   117
       Headbutt          ||     2
Invok: Berserk           ||     1
  Use: Potion            ||     2
Armor: Scale mail        ||    72
Dodge: Dodged            ||    33
Block: Shield            ||    74
